 Dungeon Crawl Stone Soup version 0.23.2 (webtiles) character file.

Game seed: 8560956423989382434

37 Kairos the Skirmisher (level 3, 0/30 HPs)
             Began as a Formicid Abyssal Knight on Apr 10, 2019.
             Was a Follower of Lugonu.
             Killed from afar by Sigmund (6 damage)
             ... with a puff of flame
             ... on level 2 of the Dungeon.
             The game lasted 00:02:08 (969 turns).

Kairos the Skirmisher (Formicid Abyssal Knight)      Turns: 969, Time: 00:02:08

Health: 0/30       AC:  3    Str: 14 (17) XL:     3   Next: 62%
Magic:  4/4        EV: 10    Int:  9 (11) God:    Lugonu [*.....]
Gold:   156        SH:  0    Dex:  9 (10) Spells: 2/2 levels left

rFire    . . .     SeeInvis +   a - +1 spear
rCold    . . .     Gourm    .   d - +0 buckler (curse)
rNeg     . . .     Faith    .   b - +0 leather armour
rPois    +         Spirit   .   (helmet unavailable)
rElec    .         Reflect  .   (no cloak)
rCorr    .         Harm     .   (no gloves)
MR       .....                  (no boots)
Stlth    ..........             (no amulet)
HPRegen  0.10/turn              i - ring of poison resistance
MPRegen  0.09/turn              (no ring)

@: confused
A: permanent stasis, dig shafts and tunnels, four strong arms, antennae 3
a: Dig, Shaft Self, Depart the Abyss, Renounce Religion


You were on level 2 of the Dungeon.
You worshipped Lugonu.
Lugonu was aware of your devotion.
You were not hungry.

You visited 1 branch of the dungeon, and saw 2 of its levels.
You visited the Abyss 1 time.

You collected 156 gold pieces.

Inventory:

Hand Weapons
 a - a +1 spear (weapon)
 f - a +0 fustibalus
Missiles
 g - 41 stones (quivered)
Armour
 b - a +0 leather armour (worn)
 d - a cursed +0 buckler (worn)
Jewellery
 i - a ring of poison resistance (left hand)
Scrolls
 e - a scroll of remove curse {unknown}
 j - a scroll of magic mapping
 m - a scroll of immolation {unknown}
Potions
 h - a potion of brilliance
Comestibles
 c - 4 rations


   Skills:
 + Level 4.1 Fighting
 + Level 2.6 Polearms
 + Level 2.2 Armour
 + Level 1.2 Dodging
 + Level 2.2 Invocations


You had 2 spell levels left.
You didn't know any spells.
Your spell library contained the following spells:

 Spells                   Type           Power        Failure   Level  Hunger
 Passwall                 Tmut/Erth      #.......     77%         2    ###....
 Swiftness                Chrm/Air       #.......     77%         2    ###....
 Passage of Golubria      Tloc           N/A          100%        4    #####..
 Lee's Rapid Deconstruct  Erth           #.........   100%        5    ######.
 Darkness                 Hex            #.........   100%        6    #######
 Invisibility             Hex            #.......     100%        6    #######


Dungeon Overview and Level Annotations

Branches:
Dungeon (2/15)

Altars:

Annotations:
D:2 Sigmund


Innate Abilities, Weirdness & Mutations

You cannot be hasted, slowed, berserked, paralysed or teleported.
You can dig through walls and to a lower floor.
Your four strong arms can wield two-handed weapons with a shield.
You have a pair of large antennae on your head. (SInv)


Message History

Sigmund laughs darkly.
Sigmund hits you from afar with a +0 scythe!
Sigmund points at you and mumbles some strange words.
You are confused.
Okay, then.
You bump into the rock wall.
Sigmund casts a spell at you.
You are more confused.
Sigmund casts a spell at you. You resist with some effort.
It was a potion of magic.
Magic courses through your body.
Sigmund points at you and mumbles some strange words.
The magic dart hits you.
* * * LOW HITPOINT WARNING * * *
It was a potion of degeneration.
There was something very wrong with that liquid.
You feel weakened.
You feel dopey.
You feel clumsy. Sigmund casts a spell at you. The puff of flame hits you.
You die...

.. .. # #. .. #.#
####... .. #..##.....#
..###.......#
.........#### ####
##.....)#########.....
##...#.@.†..#.%.......
............@......###
...#....###(###....# #
#######.###... ....#
#..####.#....# { ##.##
.#....# #..## ######
##..# ####.##


You could see Sigmund.

Vanquished Creatures
  2 leopard geckos
  4 giant cockroaches (D:1)
  4 goblins (D:1)
  6 hobgoblins
  A ball python (D:1)
  4 bats (D:1)
  5 frilled lizards
  4 kobolds (D:1)
  3 rats
33 creatures vanquished.

Notes
Turn   | Place    | Note
-------+----------+-------------------------------------------
     0 | Abyss:1  | Kairos the Formicid Abyssal Knight began the quest for the
                  | Orb.
     0 | Abyss:1  | Reached XP level 1. HP: 18/18 MP: 2/2
    83 | Abyss:2  | Found a bloodstained altar of Trog.
   119 | Abyss:2  | Noticed a green death
   148 | Abyss:2  | Noticed a small abomination
   149 | Abyss:2  | Noticed a neqoxec
   150 | D:1      | Escaped the Abyss
   244 | D:1      | Reached XP level 2. HP: 24/24 MP: 3/3
   361 | D:1      | Reached skill level 1 in Dodging
   370 | D:1      | Reached * piety under Lugonu
   479 | D:1      | Reached XP level 3. HP: 30/30 MP: 4/4
   502 | D:1      | Reached skill level 4 in Fighting
   952 | D:2      | Noticed Sigmund
   969 | D:2      | Killed from afar by Sigmund

Skill      XL: |  1  2  3 |
---------------+----------+-----
Dodging        | 1 |  1.2
Fighting       | 4 |  4.1
Polearms       | |  2.6
Armour         | |  2.2
Invocations    | |  2.2

Action                   || total
-------------------------++-------
Melee: Spear             ||    90
Invok: Depart the Abyss  ||     1
 Abil: Dig               ||     1
  Use: Scroll            ||     2
       Potion            ||     3
Armor: Leather armour    ||    17
Dodge: Dodged            ||    28
Block: Buckler           ||     5
